 Dungeon Crawl Stone Soup version 0.19-a0-1834-g6b7851e (console) character file.

1860 brucemayne the Basher (level 9, -1/93 HPs)
             Began as an Ogre Berserker on Oct 8, 2016.
             Was a Believer of Trog.
             Slain by an ice beast (13 damage)
             ... on level 9 of the Dungeon.
             The game lasted 00:09:48 (2159 turns).

brucemayne the Basher (Ogre Berserker)              Turns: 2159, Time: 00:09:49

Health: -1/93      AC:  3    Str: 24    XL:     9   Next: 13%
Magic:  9/9        EV: 10    Int:  6    God:    Trog [**....]
Gold:   167        SH:  0    Dex: 12    Spells: 0 memorised, 8 levels left

rFire  . . .     SeeInvis .     g - +0 dire flail
rCold  . . .     Gourm    .     b - +0 animal skin
rNeg   . . .     Faith    .     (shield currently unavailable)
rPois  .         Spirit   .     (helmet restricted)
rElec  .         Dismiss  .     (no cloak)
rCorr  .         Reflect  .     (gloves unavailable)
MR     .....     Harm     .     (boots unavailable)
Stlth  +.........               (no amulet)
                                (no ring)
                                (no ring)

@: no status effects
A: unfitting armour, tough skin 1
a: Berserk, Trog's Hand, Burn Spellbooks, Renounce Religion


You were on level 9 of the Dungeon.
You worshipped Trog.
Trog was pleased with you.
You were hungry.

You visited 2 branches of the dungeon, and saw 10 of its levels.

You collected 167 gold pieces.

Inventory:

Hand Weapons
 a - a +0 mace
 g - a +0 dire flail (weapon)
 h - a +1 war axe of freezing
 m - a +0 war axe
 p - a +0 giant club
 q - a +0 giant spiked club
 s - a +0 giant club
 u - a +0 blowgun
Missiles
 f - 3 poisoned tomahawks (quivered)
Armour
 b - a +0 animal skin (worn)
Jewellery
 i - an uncursed ring of teleportation
Wands
 c - a wand of flame (32/48)
 d - a wand of paralysis (13/24)
 r - a wand of teleportation (7/9)
Scrolls
 e - a scroll of remove curse
 o - a scroll of teleportation {unknown}
Potions
 l - a potion of brilliance {unknown}
 n - 3 potions of degeneration {unknown}
Comestibles
 j - a meat ration
 k - a beef jerky
 t - a bread ration


   Skills:
 - Level 7.1 Fighting
 + Level 13.7 Maces & Flails
 - Level 2.6 Dodging


You had 8 spell levels left.
You didn't know any spells.

Dungeon Overview and Level Annotations

Branches:
Dungeon (9/15)             Temple (1/1) D:7            Lair (0/6) D:9
    Orc: D:9-12

Altars:
Ashenzari
Cheibriados
Dithmenos
Fedhas
Gozag
Hepliaklqana
Kikubaaqudgha
Makhleb
Uskayaw
Vehumet
Yredelemnul
Lugonu

Annotations:
D:9 Psyche


Innate Abilities, Weirdness & Mutations

You are too large for most types of armour.
You have tough skin. (AC +1)


Message History

Psyche is wielding a dagger of chaos.
Psyche shouts!
The ice beast hits you. The ice beast freezes you!
Psyche hits you with a dagger of chaos. Psyche freezes you.
Found 4 stones, a whip and a scroll labeled KUSIALL LEEDYL.
Found a stone staircase leading down.
A centaur comes into view.
There is a stone staircase leading up, spattered with blood here.
Okay, then.
Okay, then.
The centaur wields a shortbow.
The centaur shoots an arrow.
The arrow barely misses you.
The arrow hits the ice beast!
The troll bites you! The troll claws you!
* * * LOW HITPOINT WARNING * * *
The troll claws you.
* * * LOW HITPOINT WARNING * * *
The ice beast hits you.
* * * LOW HITPOINT WARNING * * *
The ice beast freezes you!
You die...

#........#.. #
#>...c......
.##...........
............. #
#...........
#..#...........
#....@T(..)....
#<@.......
##Y....#..
...#### ###.#
.# .##?# ....
######### #..
#.......#
#..##.......#


You could see Psyche, a troll, an ice beast and a centaur.

Vanquished Creatures
  A two-headed ogre (D:8)
  A hippogriff (D:8)
  Menkaure (D:6)
  An orc warrior (D:8)
  A sky beast (D:5)
  An ogre (D:8)
  3 bullfrogs
  A wyvern zombie (D:5)
  A scorpion (D:7)
  4 wights (D:6)
  A crimson imp (D:7)
  A bullfrog zombie (D:5)
  A jelly (D:8)
  2 centaur skeletons
  4 orc priests (D:8)
  5 hounds
  A worker ant (D:6)
  4 orc wizards
  A worker ant zombie (D:6)
  3 adders
  An adder skeleton (D:5)
  20 orcs
  A goblin (D:3)
  2 hobgoblins (D:3)
  3 quokkas
  2 frilled lizards (D:3)
  A leopard gecko skeleton (D:7)
  A quokka skeleton (D:7)
  2 rats
71 creatures vanquished.

Notes
Turn   | Place    | Note
-------+----------+-------------------------------------------
     0 | D:1      | brucemayne the Ogre Berserker began the quest for the Orb.
     0 | D:1      | Reached XP level 1. HP: 24/24 MP: 1/1
    64 | D:2      | Reached XP level 2. HP: 32/32 MP: 2/2
   171 | D:3      | Found a shattered altar of Ashenzari.
   177 | D:3      | Noticed a bullfrog
   187 | D:3      | Killed a bullfrog
   187 | D:3      | Reached skill level 6 in Maces & Flails
   187 | D:3      | Reached XP level 3. HP: 39/39 MP: 3/3
   187 | D:3      | Reached XP level 4. HP: 48/48 MP: 4/4
   206 | D:3      | Found a basalt altar of Yredelemnul.
   235 | D:3      | Reached skill level 7 in Maces & Flails
   306 | D:3      | Reached XP level 5. HP: 26/54 MP: 5/5
   429 | D:4      | Reached skill level 8 in Maces & Flails
   441 | D:4      | Reached XP level 6. HP: 7/62 MP: 6/6
   447 | D:4      | Reached ** piety under Trog
   496 | D:5      | Entered Level 5 of the Dungeon
   496 | D:5      | Noticed a sky beast
   520 | D:5      | Killed a sky beast
   520 | D:5      | Reached skill level 9 in Maces & Flails
   829 | D:5      | Reached skill level 10 in Maces & Flails
   829 | D:5      | Reached XP level 7. HP: 50/70 MP: 7/7
   962 | D:6      | Noticed Menkaure
   973 | D:6      | Killed Menkaure
  1020 | D:6      | Reached skill level 11 in Maces & Flails
  1219 | D:6      | Reached skill level 5 in Fighting
  1219 | D:6      | Reached XP level 8. HP: 33/80 MP: 8/8
  1548 | D:8      | Noticed a two-headed ogre
  1557 | D:8      | Killed a two-headed ogre
  1557 | D:8      | Reached skill level 12 in Maces & Flails
  1645 | D:7      | Found a staircase to the Ecumenical Temple.
  1690 | Temple   | Entered the Ecumenical Temple
  1766 | D:8      | Noticed a hippogriff
  1777 | D:8      | Killed a hippogriff
  1777 | D:8      | Reached skill level 13 in Maces & Flails
  1835 | D:8      | Reached XP level 9. HP: 84/93 MP: 9/9
  1944 | D:9      | Found a staircase to the Lair.
  2158 | D:9      | Noticed Psyche
  2158 | D:9      | Noticed a troll
  2159 | D:9      | Slain by an ice beast

Vault maps used:
D:1:      eino_arrival_cavern_e
D:3:      ashenzari_conservatory_becter, old_standard_altar,
          hangedman_ru_absence, grunt_temple_overflow_open
D:4:      first_bread, serial_shops, shop
D:6:      uniq_menkaure
D:8:      marbit_many_paths
D:9:      nicolae_overflow_hidden_temple, kennysheep_mini,
          nicolae_overflow_quartered_altars, minmay_lair_entry_lava,
          zombieorc2_lemuel, minivault_27, uniq_psyche
Temple:   corrupted_temple

Skill      XL: |  1  2  3  4  5  6  7  8 |
---------------+-------------------------+-----
Maces & Flails | 6 7 8 10 11 13 | 13.7
Fighting       | 5 7 |  7.1
Dodging        | |  2.6

Action                   |  1- 3 |  4- 6 |  7- 9 || total
-------------------------+-------+-------+-------++-------
Melee: Mace              |    16 |    41 |       ||    57
       Dire flail        |       |    19 |   158 ||   177
Invok: Berserk           |     2 |     6 |     5 ||    13
       Trog's Hand       |       |     1 |     3 ||     4
  Use: Scroll            |       |     1 |     2 ||     3
       Potion            |       |     2 |       ||     2
  Eat: Chunk             |       |     6 |     6 ||    12
       Bread ration      |       |       |     1 ||     1
Armor: Animal skin       |     1 |    12 |     8 ||    21
Dodge: Dodged            |     9 |    30 |    50 ||    89
